 Dungeon Crawl Stone Soup version 0.29.1-15-g9cfb28693d (webtiles) character file.

Game seed: 18243544849781711898

23 H0rd4k the Charlatan (level 2, 0/19 HPs)
             Began as an Octopode Artificer on Mar 15, 2023.
             Succumbed to an adder's poison
             ... on level 2 of the Dungeon.
             The game lasted 00:00:58 (1563 turns).

H0rd4k the Charlatan (Octopode Artificer)           Turns: 1563, Time: 00:00:58

Health: 0/19       AC:  1    Str: 11    XL:     2   Next: 95%
Magic:  4/4        EV: 13    Int: 13    God:
Gold:   67         SH:  0    Dex: 12    Spells: 3/3 levels left

rFire   . . .      SeeInvis .   (no weapon)
rCold   . . .      Faith    .   (no shield)
rNeg    . . .      Spirit   .   (helmet restricted)
rPois   .          Reflect  .   (no amulet)
rElec   .          Harm     .   (no ring)
rCorr   .          Rampage  .   (no ring)
Will    .....                   (no ring)
Stlth   +++.......              (no ring)
HPRegen 0.06/turn               (no ring)
MPRegen 0.09/turn               (no ring)
                                (no ring)
                                (no ring)

@: lethally poisoned (0 -> -3), attractive
A: almost no armour, amphibious, 8 rings, camouflage 1, gelatinous body 1,
(nimble swimmer 1), tentacles
a: no special abilities


You were on level 2 of the Dungeon.
You visited 1 branch of the dungeon, and saw 2 of its levels.

You collected 67 gold pieces.

Inventory:

Armour
 i - an orb of light
Jewellery
 g - a ring of see invisible
Wands
 b - a wand of flame (14) (quivered)
 c - a wand of charming (14)
 d - a wand of iceblast (5)
Scrolls
 a - 2 scrolls of enchant weapon {unknown}
 f - a scroll of immolation {unknown}
 h - a scroll of teleportation {unknown}
 j - a scroll of enchant armour {unknown}
 l - a scroll of identify {unknown}
Potions
 e - a potion of attraction
 k - a potion of degeneration {unknown}


   Skills:
 * Level 1.8 Fighting
 - Level 2.3 Dodging
 - Level 1.3 Stealth
 + Level 0.5 Unarmed Combat
 * Level 1.4 Spellcasting
 - Level 3.2 Evocations


You had 3 spell levels left.
You didn't know any spells.
Your spell library contained the following spells:

 Spells                   Type           Power      Damage    Failure   Level
 Freeze                   Ice            0%         1d3       26%         1
 Frozen Ramparts          Ice            0%         1d1       63%         3
 Ozocubu's Armour         Ice            0%         N/A       63%         3
 Hailstorm                Conj/Ice       0%         3d3       95%         4
 Metabolic Englaciation   Hex/Ice        0%         N/A       100%        5
 Simulacrum               Ice/Necr       0%         N/A       100%        6


Dungeon Overview and Level Annotations

Branches:
Dungeon (2/15)

Altars:

Shops:
D:1 *


Innate Abilities, Weirdness & Mutations

You cannot wear most types of armour.
You are amphibious.
You can wear up to eight rings at the same time.
Your skin changes colour to match your surroundings (Stealth+).
Your rubbery body absorbs attacks. (AC +1, EV +1)
((You are camouflaged when in or above water. (Stealth+)))
You have tentacles for arms and can constrict up to eight enemies at once.


Message History

The quokka bites you.
You tentacle-slap the quokka.
You kill the quokka!
You completely miss the adder. Your grab misses the adder. The adder bites you.
You barely miss the adder. You grab the adder.
You constrict the adder, but do no damage.
The rat barely misses you. The adder bites you.
You are too injured to fight recklessly!
You release your grip on the adder.
The adder attacks as you move away! The adder barely misses you.
You barely miss the rat. You grab the rat. You squeeze the rat.
The rat is heavily wounded.
You constrict the rat.
You kill the rat!
You tentacle-slap the adder but do no damage.
Your grab misses the adder. The adder barely misses you.
You tentacle-slap the ball python. You grab the ball python.
The ball python is moderately wounded.
You constrict the ball python. The ball python misses you.
The ball python grabs you. The ball python constricts you. The adder bites you.
* * * LOW HITPOINT WARNING * * *
You are lethally poisoned!
The adder poisons you!
You tentacle-slap the adder but do no damage.
Your grab misses the adder. You constrict the ball python.
You kill the ball python!
* * * LOW HITPOINT WARNING * * *
You feel sick. The adder misses you.
You tentacle-slap the adder but do no damage.
Your grab misses the adder.
* * * LOW HITPOINT WARNING * * *
You feel sick. The adder barely misses you.
It was a potion of attraction.
You feel attractive to monsters.
* * * LOW HITPOINT WARNING * * *
You feel sick. The adder closely misses you.
The adder bites you but does no damage.
You closely miss the adder. You grab the adder.
You constrict the adder, but do no damage.
You die...

#. #. # .# #
############ #.####
##.......##.####.....#
.:....................
##.###.#.#.........<.
#@S.#.#..........#
#.#...#...........
#$...†.#.###........<..
##.#.###.# ##......#...
... ..# ##.....##...
#.# ##.# #...........
## #.###.......#...
...........#...
.###......#...


You could see an adder.

Vanquished Creatures
  A dart slug (D:2)
  A bat (D:1)
  2 endoplasms (D:1)
  A giant cockroach (D:2)
  4 hobgoblins
  A quokka (D:2)
  3 ball pythons (D:2)
  2 frilled lizards (D:1)
  2 goblins (D:1)
  A rat (D:2)
18 creatures vanquished.

Vanquished Creatures (others)
  A kobold (D:1)
1 creature vanquished.

Grand Total: 19 creatures vanquished

Notes
Turn   | Place    | Note
-------+----------+-------------------------------------------
     0 | D:1      | H0rd4k the Octopode Artificer began the quest for the Orb.
     0 | D:1      | Reached XP level 1. HP: 13/13 MP: 1/1
    74 | D:1      | Found a faded altar of an unknown god.
   670 | D:1      | Found Iraloc Xoqo's Assorted Antiques.
   811 | D:1      | Reached skill level 1 in Spellcasting
   811 | D:1      | Reached XP level 2. HP: 18/18 MP: 3/3
  1563 | D:2      | Succumbed to an adder's poison

Illustrated notes

Levels and vault maps discovered:
D:1:      dpeg_arrival_shrine, layout_basic, nicolae_ecumenical_lake_church,
          serial_shops, shop, nicolae_kite_square_tiling_tiny,
          minmay_pentomino_w4
D:2:      layout_rooms, supply_closet_lemuel, minmay_indecisive_spiral

Skill      XL: |  1 |
---------------+----+-----
Spellcasting   | 1 |  1.4
Fighting       | |  1.8
Dodging        | |  2.3
Stealth        | |  1.3
Unarmed Combat | |  0.5
Evocations     | |  3.2

Action                   || total
-------------------------++-------
Melee: Unarmed           ||    40
       Tentacles         ||    14
       Constrict         ||    13
Evoke: Wand              ||     2
  Use: Potion            ||     1
 Stab: Sleeping          ||     3
Armor: Skin              ||     3
Dodge: Dodged            ||    18
